 Dungeon Crawl Stone Soup version 0.31-a0-161-gb58dd9be76 (webtiles) character file.

Game seed: 6241980707111906258

78 Serulin the Trooper (level 4, -2/29 HPs)
             Began as a Gargoyle Fighter on June 13, 2023.
             Slain by a gnoll
             ... wielding a +0 spear
              (6 damage)
             ... on level 2 of the Dungeon.
             The game lasted 00:03:24 (896 turns).

Serulin the Trooper (Gargoyle Fighter)               Turns: 896, Time: 00:03:24

Health: -2/29      AC: 10    Str: 21    XL:     4   Next: 36%
Magic:  4/4        EV:  8    Int:  9    God:
Gold:   42         SH:  8    Dex:  9    Spells: 3/3 levels left

rFire   . . .        c - +2 whip (pain)
rCold   . . .        g - +0 kite shield
rNeg    + . .        b - +0 scale mail
rPois   ∞            (no helmet)
rElec   +            (no cloak)
rCorr   .            (no gloves)
SInv    .            (no boots)
Will    .....        (no amulet) Stlth
                     (no ring)
HPRegen 0.24/turn    (no ring)
MPRegen 0.09/turn

%: no passive effects
@: no status effects
A: sickness immunity, AC +3, negative energy resistance 1, electricity
resistance, torment resistance 1, petrification resistance
a: no special abilities


You were on level 2 of the Dungeon.
You visited 1 branch of the dungeon, and saw 2 of its levels.

You collected 42 gold pieces.

Inventory:

Hand Weapons
 c - a +2 whip of pain (weapon)
Armour
 b - a +0 scale mail (worn)
 g - a +0 kite shield (worn)
Scrolls
 e - a scroll of poison {unknown}
 f - a scroll of vulnerability
Potions
 a - a potion of magic
 d - 2 potions of might
 j - a potion of enlightenment {unknown}


   Skills:
 + Level 4.0 Fighting
 + Level 2.8 Maces & Flails
 + Level 3.9 Armour
 + Level 4.0 Shields


You had 3 spell levels left.
You didn't know any spells.
Your spell library was empty.

Dungeon Overview and Level Annotations

Branches:
Dungeon (2/15)

Altars:

Shops:
D:2 :[


Innate Abilities, Weirdness & Mutations

You are immune to sickness and miasma.
Your stone body is resilient. (AC +3)
You are immune to poison.
You resist negative energy. (rN+)
You are resistant to electric shocks. (rElec)
You are resistant to unholy torment.
You are immune to petrification.


Message History

You hit the gnoll but do no damage. You block the gnoll's attack. x3
The gnoll closely misses you.
You whack the gnoll!
The gnoll is heavily wounded.
The gnoll barely misses you.
The gnoll hits you from afar with a +0 spear!
You hit the gnoll.
The gnoll is almost dead.
The gnoll hits you from afar with a +0 spear.
You block the gnoll's attack. The gnoll hits you but does no damage.
You are too injured to fight recklessly!
You are too injured to fight recklessly!
Unknown command.
You hit the gnoll.
The gnoll is almost dead.
You block the gnoll's attack. The gnoll hits you but does no damage.
You block the gnoll's attack.
You whack the gnoll!
You kill the gnoll!
The gnoll hits you but does no damage.
The gnoll hits you from afar with a +0 spear.
You block the gnoll's attack.
Your Fighting skill increases to level 4!
Your Shields skill increases to level 4!
You hit the gnoll.
The gnoll is moderately wounded.
You block the adder's attack.
The gnoll hits you from afar with a +0 spear.
* * * LOW HITPOINT WARNING * * *
The gnoll hits you but does no damage. You block the gnoll's attack.
You hit the gnoll but do no damage.
The gnoll is moderately wounded.
You block the adder's attack.
The gnoll hits you but does no damage. x3
The adder bites you.
* * * LOW HITPOINT WARNING * * *
You hit the gnoll.
The gnoll is almost dead.
The adder bites you but does no damage. The gnoll closely misses you.
The gnoll hits you from afar with a +0 spear.
You die...

.P............##......
....####.#.#### ##..♣ ♣.
....###..#...#####.##...
♣♣P.#...####.##.....♣.♣.
♣.....### #....†.......
...#### #........♣#♣#
.P.# .....##...g..###
..#### #######.Sgg.....
....... #.@......#
.###### #...###..# ##
#.$.+ #..# # .....# ..#
#.....# .. ##..#.# .#.
.# #... .# #$.. .#


You could see 3 gnolls and an adder.

Vanquished Creatures
  A gnoll (D:2)
  2 adders (D:2)
  2 worms (D:2)
  A dart slug (D:2)
  3 ball pythons
  2 endoplasms (D:1)
  3 giant cockroaches (D:1)
  4 goblins (D:1)
  6 hobgoblins
  3 jackals (D:1)
  3 quokkas
  A bat (D:1)
  A frilled lizard (D:1)
  4 kobolds
  3 rats
39 creatures vanquished.

Notes
Turn   | Place    | Note
-------+----------+-------------------------------------------
     0 | D:1      | Serulin the Gargoyle Fighter began the quest for the Orb.
     0 | D:1      | Reached XP level 1. HP: 14/14 MP: 1/1
    72 | D:1      | Reached XP level 2. HP: 11/19 MP: 2/2
   270 | D:1      | Reached XP level 3. HP: 22/23 MP: 3/3
   744 | D:2      | Found Opihuonk's Book Boutique.
   763 | D:2      | Found Reullad's Armour Boutique.
   845 | D:2      | Reached XP level 4. HP: 29/29 MP: 4/4
   896 | D:2      | Slain by a gnoll

Illustrated notes

Levels and vault maps discovered:
D:1:      dpeg_arrival_morbid_curiosity, layout_rooms
D:2:      layout_rooms, serial_shops, nicolae_shop_advertising_works
          [nicolae_subvault_shop_adworks], nicolae_shop_just_a_little_nook,
          nicolae_shop_window_shopping, shop, serial_forest,
          infiniplex_forest_end_2, infiniplex_forest_end_1,
          infiniplex_forest_lined_room_2, infiniplex_forest_clump_curved,
          infiniplex_forest_clump_cross, infiniplex_forest_lined_corner

Skill      XL: |  1  2  3  4 |
---------------+-------------+-----
Fighting       | 4 |  4.0
Shields        | 4 |  4.0
Maces & Flails | |  2.8
Armour         | |  3.9

Action                     |  1- 3 |  4- 6 || total
---------------------------+-------+-------++-------
  Melee: Flail             |    60 |       ||    60
         Whip              |    52 |    17 ||    69
    Use: Scroll            |     4 |       ||     4
 Armour: Scale mail        |    70 |    10 ||    80
  Dodge: Dodged            |    58 |     6 ||    64
  Block: Buckler           |    13 |       ||    13
         Kite shield       |    15 |    15 ||    30

Table legend: (Time is in decaauts)
 A = Elapsed time spent in this place.
 B = Non-inter-level travel time spent in this place.
 C = Inter-level travel time spent in this place.
 D = Time resting spent in this place.
 E = Time spent auto-exploring this place.
 F = Levels seen in this place.
 G = Mean time per level.
                   A        B        C        D        E       F      G
               +--------+--------+--------+--------+--------+-----+--------+
         Total |    921 |    898 |     23 |      0 |    575 |   2 |  460.5 |
       Dungeon |    921 |    898 |     23 |      0 |    575 |   2 |  460.5 |
               +--------+--------+--------+--------+--------+-----+--------+

Top non-repeatable levels by time:
     D:1: 681 daAuts
     D:2: 240 daAuts
